 Dungeon Crawl Stone Soup version 0.28-a0-80-g9707f7362f (webtiles) character file.

Game seed: 8099021459298760636

81 dracfodder the Skirmisher (level 4, -3/29 HPs)
             Began as a Gargoyle Berserker on Aug 5, 2021.
             Was a Believer of Trog.
             Slain by a gnoll (5 damage)
             ... on level 4 of the Dungeon.
             The game lasted 00:06:16 (2511 turns).

dracfodder the Skirmisher (Gargoyle Berserker)      Turns: 2511, Time: 00:06:17

Health: -3/29      AC: 13    Str: 21    XL:     4   Next: 42%
Magic:  4/4        EV:  4    Int:  8    God:    Trog [**....]
Gold:   84         SH:  0    Dex:  9    Spells: 3/3 levels left

rFire   . . .      SeeInvis .   a - +1 hand axe (flame)
rCold   . . .      Faith    .   (no shield)
rNeg    + . .      Spirit   .   b - +0 chain mail
rPois   ∞          Reflect  .   (no helmet)
rElec   +          Harm     .   (no cloak)
rCorr   .          Rampage  .   h - +0 pair of gloves
Will    .....                   (no boots)
Stlth   ..........              (no amulet)
HPRegen 0.09/turn               (no ring)
MPRegen 0.09/turn               (no ring)

@: on berserk cooldown, flying, held, slowed, very slow
A: sickness immunity, AC +3, negative energy resistance 1, electricity
resistance, torment resistance 1, petrification resistance
a: Renounce Religion, Berserk, Trog's Hand


You were on level 4 of the Dungeon.
You worshipped Trog.
Trog was pleased with you.
You visited 1 branch of the dungeon, and saw 4 of its levels.

You collected 84 gold pieces.

Inventory:

Hand Weapons
 a - a +1 hand axe of flaming (weapon)
Missiles
 c - 74 stones
 f - 5 atropa-tipped darts (quivered)
 j - 23 sling bullets
 k - 24 arrows
Armour
 b - a +0 chain mail (worn)
 h - a +0 pair of gloves (worn)
Scrolls
 l - a scroll of blinking {unknown}
Potions
 d - a potion of curing
 e - 3 potions of magic
 i - a potion of resistance {unknown}


   Skills:
 + Level 4.1 Fighting
 * Level 3.8 Axes
 + Level 2.4 Armour
 + Level 1.9 Dodging
 + Level 0.1 Stealth


You had 3 spell levels left.
You didn't know any spells.
Your spell library was empty.

Dungeon Overview and Level Annotations

Branches:
Dungeon (4/15)
 Temple: D:4-7

Altars:
Dithmenos


Innate Abilities, Weirdness & Mutations

You are immune to sickness and miasma.
Your stone body is resilient. (AC +3)
You are immune to poison.
You resist negative energy. (rN+)
You are resistant to electric shocks. (rElec)
You are resistant to unholy torment.
You are immune to petrification.


Message History

You hit the gnoll shaman. You burn the gnoll shaman.
The gnoll shaman is heavily wounded.
The gnoll shaman hits you but does no damage.
You hit the gnoll shaman but do no damage.
The gnoll shaman is heavily wounded.
The gnoll shaman calls upon its god to speed up the gnoll.
The gnoll seems to speed up.
The gnoll shaman hits you with a +0 whip!
You hit the gnoll shaman. You burn the gnoll shaman.
The gnoll shaman is severely wounded.
The gnoll shaman hits you but does no damage.
You hit the gnoll. You burn the gnoll.
The gnoll is heavily wounded.
You hit the gnoll shaman but do no damage.
The gnoll hits you with a +0 flail. The gnoll hits you but does no damage.
The gnoll shaman hits you but does no damage.
It was a potion of curing.
You feel better. The gnoll barely misses you.
A giant cockroach comes into view.
The gnoll shaman barely misses you. The gnoll hits you but does no damage.
The gnoll shaman hits you with a +0 whip!
* * * LOW HITPOINT WARNING * * *
The gnoll hits you with a +0 flail.
* * * LOW HITPOINT WARNING * * *
It was a potion of flight.
You feel very buoyant.
You fly up into the air.
The gnoll closely misses you.
The gnoll shaman hits you but does no damage.
The gnoll hits you but does no damage.
The gnoll throws a throwing net.
The throwing net hits you.
You become entangled in the net!
You see here a throwing net.
Unknown command.
You struggle against the net.
The giant cockroach waves its antennae.
The gnoll shaman hits you with a +0 whip.
* * * LOW HITPOINT WARNING * * *
You struggle against the net.
The gnoll hits you but does no damage. x2
The gnoll shaman calls upon its god to heal the gnoll.
The gnoll is healed somewhat.
The gnoll hits you with a +0 flail.
You die...

..... .# ...## .#
...##.## #..#..##
#......#####
#...........
#..<#.......
######.#g).......
#....$Bg@........
#####.###.......#
#.. ..##.##.# #..
### ... # B.. ...
.... ..# .....
..# #(..##


You could see a gnoll shaman, a gnoll (fast) and a giant cockroach.

Vanquished Creatures
  3 gnolls
  An adder (D:2)
  A worm (D:4)
  A dart slug (D:1)
  5 ball pythons
  4 endoplasms
  A giant cockroach (D:2)
  4 hobgoblins
  3 jackals (D:1)
  A quokka (D:1)
  2 frilled lizards (D:1)
  4 goblins
  4 kobolds
  6 rats
40 creatures vanquished.

Notes
Turn   | Place    | Note
-------+----------+-------------------------------------------
     0 | D:1      | dracfodder the Gargoyle Berserker began the quest for the
                  | Orb.
     0 | D:1      | Reached XP level 1. HP: 14/14 MP: 1/1
   269 | D:1      | Reached XP level 2. HP: 20/20 MP: 2/2
   879 | D:1      | Found a faded altar of an unknown god.
   889 | D:1      | Reached XP level 3. HP: 20/24 MP: 3/3
  1648 | D:3      | Found a shadowy altar of Dithmenos.
  1747 | D:2      | Reached ** piety under Trog
  2291 | D:2      | Reached skill level 4 in Fighting
  2291 | D:2      | Reached XP level 4. HP: 29/29 MP: 4/4
  2511 | D:4      | Slain by a gnoll

Illustrated notes

Levels and vault maps discovered:
D:1:      dpeg_arrival_stone_temple_mockup, layout_loops_ring,
          dreamdust_ecumenical_altar_statues, serial_park_tiny_1
D:2:      layout_basic
D:3:      minmay_diamond_boxcup, layout_basic, evilmike_ruin_ashenzari,
          grunt_dithmenos_smoke, amcnicky_altar_gilded, fountainhead,
          kennysheep_decorative_pillar, minmay_tree_intersection
D:4:      layout_rooms, nicolae_elemental_shop, kennysheep_generic_room_13

Skill      XL: |  1  2  3 |
---------------+----------+-----
Axes           | 3 |  3.8
Fighting       | 4 |  4.1
Armour         | |  2.4
Dodging        | |  1.9
Stealth        | |  0.1

Action                   |  1- 3 |  4- 6 || total
-------------------------+-------+-------++-------
Melee: Hand axe          |    97 |    16 ||   113
Throw: Dart              |     7 |       ||     7
Invok: Berserk           |     1 |     1 ||     2
  Use: Scroll            |     6 |       ||     6
       Potion            |       |     2 ||     2
Armor: Animal skin       |     9 |       ||     9
       Chain mail        |    36 |    19 ||    55
Dodge: Dodged            |    42 |     6 ||    48

Table legend: (Time is in decaauts)
 A = Elapsed time spent in this place.
 B = Non-inter-level travel time spent in this place.
 C = Inter-level travel time spent in this place.
 D = Time resting spent in this place.
 E = Time spent auto-exploring this place.
 F = Levels seen in this place.
 G = Mean time per level.
                   A        B        C        D        E       F      G
               +--------+--------+--------+--------+--------+-----+--------+
         Total |   2539 |   2484 |     55 |    430 |   1680 |   4 |  634.8 |
       Dungeon |   2539 |   2484 |     55 |    430 |   1680 |   4 |  634.8 |
               +--------+--------+--------+--------+--------+-----+--------+

Top non-repeatable levels by time:
     D:1: 1598 daAuts
     D:2: 864 daAuts
     D:4: 40 daAuts
     D:3: 35 daAuts
